 Dungeon Crawl Stone Soup version 0.19.5 (webtiles) character file.

9972 Azzok the Severer (level 11, -1/99 HPs)
             Began as a Deep Dwarf Berserker on Mar 14, 2017.
             Was a Priest of Trog.
             Drowned by a water elemental (6 damage)
             ... on level 11 of the Dungeon.
             The game lasted 00:28:21 (9582 turns).

Azzok the Severer (Deep Dwarf Berserker)            Turns: 9582, Time: 00:28:22

Health: -1/99      AC: 16    Str: 25    XL:     11   Next: 30%
Magic:  11/11      EV:  7    Int:  7    God:    Trog [***...]
Gold:   822        SH:  0    Dex: 12    Spells: 0 memorised, 10 levels left

rFire  . . .     SeeInvis .     O - -1 war axe (curse)
rCold  . . .     Gourm    .     G - +0 plate armour
rNeg   . . .     Faith    .     (no shield)
rPois  +         Spirit   .     A - +2 helmet
rElec  .         Reflect  .     k - +0 cloak
rCorr  .         Harm     .     (no gloves)
MR     +....     Rnd*Tele +     F - +0 pair of boots
Stlth  ..........               L - amulet of inaccuracy (curse)
                                J - ring of teleportation (curse)
                                h - ring of poison resistance

@: exhausted, engulfed (cannot breathe), non-regenerating, slowed, very slow
A: damage resistance, recharge devices, sense surroundings 2, slow regeneration
3
a: Device Recharging, Berserk, Trog's Hand, Burn Spellbooks, Renounce Religion


You were on level 11 of the Dungeon.
You worshipped Trog.
Trog was most pleased with you.
You were hungry.

You visited 1 branch of the dungeon, and saw 11 of its levels.
You also visited: Sewer.

You collected 822 gold pieces.

Inventory:

Hand Weapons
 b - a +0 war axe of chopping
 O - a cursed -1 war axe (weapon)
Armour
 k - a +0 cloak (worn)
 y - a +0 large shield
 A - a +2 helmet (worn)
 F - a +0 pair of boots (worn)
 G - a +0 plate armour (worn)
Jewellery
 h - a ring of poison resistance (left hand)
 z - a +3 ring of evasion
 E - an uncursed ring of stealth {unknown}
 J - a cursed ring of teleportation (right hand)
 K - a +3 ring of evasion
 L - a cursed amulet of inaccuracy (around neck)
 N - an uncursed amulet of the gourmand {unknown}
Wands
 c - a wand of heal wounds (8/9)
 g - a wand of slowing (23/48)
 n - a wand of polymorph (11/24)
 u - a wand of lightning (6/15)
 B - a wand of enslavement (12/24)
 P - a wand of digging (14/24)
Scrolls
 e - 4 scrolls of enchant armour
 t - 4 scrolls of enchant weapon
 w - 3 scrolls of immolation
 D - 2 scrolls of teleportation
 I - a scroll of silence
 Q - a scroll of fear
Potions
 f - 3 potions of agility
 i - 6 potions of flight
 m - a potion of cure mutation {!q}
 p - 4 potions of curing
 q - 2 potions of might {unknown}
 s - 2 potions of heal wounds {unknown}
 x - 2 potions of haste {unknown}
 H - a potion of ambrosia {unknown}
 R - a potion of lignification {unknown}
Books
 a - a book of Misfortune

   Spells                             Type                      Level
   a - Confusing Touch                Hexes                        1
   b - Confuse                        Hexes                        3
   c - Gell's Gravitas                Hexes/Translocation          3
   d - Petrify                        Transmutation/Earth          4
   e - Metabolic Englaciation         Hexes/Ice                    5
   f - Yara's Violent Unravelling     Hexes/Transmutation          5
   Trog disapproves of the use of such an item.
 o - a book of Maledictions

   Spells                             Type                      Level
   a - Corona                         Hexes                        1
   b - Ensorcelled Hibernation        Hexes/Ice                    2
   c - Confuse                        Hexes                        3
   d - Tukima's Dance                 Hexes                        3
   e - Dazzling Spray                 Conjuration/Hexes            3
   Trog disapproves of the use of such an item.
 r - a book of Frost

   Spells                             Type                      Level
   a - Freeze                         Ice                          1
   b - Throw Frost                    Conjuration/Ice              2
   c - Ozocubu's Armour               Charms/Ice                   3
   d - Throw Icicle                   Conjuration/Ice              4
   e - Summon Ice Beast               Ice/Summoning                4
   Trog disapproves of the use of such an item.
 v - a book of Cantrips

   Spells                             Type                      Level
   a - Confusing Touch                Hexes                        1
   b - Animate Skeleton               Necromancy                   1
   c - Summon Small Mammal            Summoning                    1
   d - Apportation                    Translocation                1
   Trog disapproves of the use of such an item.
 M - a book of Geomancy

   Spells                             Type                      Level
   a - Sandblast                      Earth                        1
   b - Passwall                       Transmutation/Earth          2
   c - Stone Arrow                    Conjuration/Earth            3
   d - Petrify                        Transmutation/Earth          4
   e - Lee's Rapid Deconstruction     Earth                        5
   Trog disapproves of the use of such an item.
Comestibles
 d - 12 bread rations {@e1}
 j - 6 beef jerkies
 l - 3 meat rations {@e2}
 C - 6 slices of pizza
 S - a chunk of flesh {@w0}


   Skills:
 + Level 6.5 Fighting
 * Level 17.1 Axes
 - Level 2.1 Armour
 - Level 2.1 Dodging


You had 10 spell levels left.
You didn't know any spells.

Dungeon Overview and Level Annotations

Branches:
Dungeon (11/15)            Temple (0/1) D:6            Lair (0/6) D:8
    Orc: D:9-12

Altars:
Makhleb

Shops:
D:9 (

Annotations:
D:9 exclusion: ice statue
D:11 Paps's ghost, journeyman TrFi


Innate Abilities, Weirdness & Mutations

You are resistant to damage.
You can recharge devices by infusing magical energy.
You passively map the area around you.
You do not regenerate.


Message History

You closely miss the water elemental.
* * * LOW HITPOINT WARNING * * *
Your lungs strain for air!
The water elemental hits you.
* * * LOW HITPOINT WARNING * * *
You take 6 damage, and have 14/99 hp.
Your unstable footing causes you to fumble your attack.
* * * LOW HITPOINT WARNING * * *
Your lungs strain for air!
The water elemental hits you.
* * * LOW HITPOINT WARNING * * *
The electric eel shoots out a bolt of lightning at you!
The bolt of electricity hits you!
You take 9 damage, and have 5/99 hp.
You hit the electric eel.
You kill the electric eel!
Trog accepts your kill.
You hear a splash.
You hit the water elemental.
You die...

░ ≈░ ◦ ◦ ▒ ≈≈≈≈≈P≈≈≈≈PP≈≈≈
◦ ▒ ░ ≈≈≈P≈≈P≈≈≈≈··≈· ◦ ◦ ◦
╬ ░ ♣≈≈≈·≈≈≈··≈·≈·◦ ◦ ◦ ▒
▒····?········ ◦ ◦◦◦▒
▒········≈·≈≈P ░ ▒▒▒▒▒
▒···≈≈≈·P≈≈P≈≈ ▒····
▒·▒♣PE≈≈≈≈PP≈♣ ◦◦ ▒··▒▒
▒▒▒▒···♣†@†P♣ ░ ◦ ◦▒··▒·
········♣♣♣♣♣░♣♣▒▒▒▒▒▒··▒·
··········♣♣♣♣♣)········▒·
░ ◦◦
·············)··········▒▒
░ ░> ◦
·······▒▒'▒▒▒▒▒▒'▒▒▒······
◦◦
·······▒···········▒······
░░
·······▒···········▒······
◦·······▒···········▒······
◦·······▒···········▒······


You could see a water elemental.

Vanquished Creatures
  An unseen horror (D:8)
  An orange crystal statue (D:9)
  2 hill giants (D:11)
  An ugly thing (D:11)
  A komodo dragon (D:11)
  A troll (D:5)
  Grinder (D:6)
  A hornet (D:8)
  3 hippogriffs
  4 hogs (D:10)
  A human (D:10)
  A hungry ghost (D:10)
  2 water moccasins
  Duvessa (D:6)
  Purgy (Sewer)
  3 orc warriors
  An ice beast (D:10)
  5 sky beasts
  2 ogres
  2 phantoms
  An eye of draining (D:11)
  5 centaurs
  A big kobold (D:8)
  13 bullfrogs
  A gnoll sergeant (D:10)
  4 scorpions
  A wyvern skeleton (D:9)
  A water moccasin skeleton (D:10)
  Dowan (D:6)
  4 killer bees (D:9)
  2 electric eels (D:11)
  4 crimson imps
  7 hounds
  2 centaur zombies
  2 jellies
  6 orc priests
  2 centaur skeletons
  Crazy Yiuf (D:6)
  3 iguanas
  10 worker ants
  5 orc wizards
  A hound zombie (D:7)
  4 hound skeletons
  A worker ant zombie (D:7)
  8 gnolls
  7 adders
  A howler monkey skeleton (D:5)
  4 shadow imps
  2 adder zombies (D:5)
  7 worms
  6 leopard geckos
  41 orcs
  A ball python (D:3)
  8 bats
  2 giant cockroaches
  5 goblins
  5 hobgoblins
  4 jackals
  4 quokkas
  A ball python skeleton (D:4)
  7 frilled lizards
  11 kobolds
  A leopard gecko skeleton (D:6)
  8 rats
  A bush (D:10)
251 creatures vanquished.

Notes
Turn   | Place    | Note
-------+----------+-------------------------------------------
     0 | D:1      | Azzok the Deep Dwarf Berserker began the quest for the Orb.
     0 | D:1      | Reached XP level 1. HP: 20/20 MP: 1/1
   430 | D:1      | Reached skill level 4 in Axes
   430 | D:1      | Reached XP level 2. HP: 22/27 MP: 2/2
   651 | D:2      | Reached XP level 3. HP: 24/33 MP: 3/3
  1260 | D:3      | Reached ** piety under Trog
  1340 | D:3      | Reached skill level 5 in Axes
  1588 | D:3      | Reached XP level 4. HP: 23/40 MP: 4/4
  2078 | D:4      | Reached skill level 6 in Axes
  2156 | D:4      | Found a glowing drain.
  2163 | Sewer    | Entered a sewer
  2297 | Sewer    | Noticed Purgy
  2306 | Sewer    | Killed Purgy
  2306 | Sewer    | Reached skill level 7 in Axes
  2306 | Sewer    | Reached XP level 5. HP: 27/46 MP: 5/5
  2864 | D:5      | Entered Level 5 of the Dungeon
  2877 | D:5      | Reached XP level 6. HP: 20/55 MP: 6/6
  2892 | D:5      | Noticed a sky beast
  2946 | D:5      | Noticed a troll
  2957 | D:5      | Killed a troll
  2957 | D:5      | Reached skill level 8 in Axes
  2957 | D:5      | Reached XP level 7. HP: 14/61 MP: 7/7
  3007 | D:5      | Reached skill level 9 in Axes
  3267 | D:5      | Reached skill level 10 in Axes
  3473 | D:5      | Reached XP level 8. HP: 54/68 MP: 8/8
  3661 | D:5      | Reached skill level 11 in Axes
  4073 | D:5      | Reached *** piety under Trog
  4554 | D:6      | Reached skill level 12 in Axes
  4587 | D:6      | Found a runed door.
  4591 | D:6      | Noticed Crazy Yiuf
  4600 | D:6      | Killed Crazy Yiuf
  4648 | D:6      | Found a staircase to the Ecumenical Temple.
  4648 | D:6      | Noticed Duvessa
  4648 | D:6      | Noticed Dowan
  4651 | D:6      | Killed Dowan
  4664 | D:6      | Killed Duvessa
  4797 | D:6      | Noticed Grinder
  4804 | D:6      | Found a burning altar of Makhleb.
  4831 | D:6      | Paralysed by Grinder for 6 turns
  4840 | D:6      | Killed Grinder
  4840 | D:6      | Gained mutation: You passively map the area around you. [Deep Dwarf growth]
  4840 | D:6      | Reached XP level 9. HP: 24/74 MP: 9/9
  5147 | D:6      | Reached skill level 13 in Axes
  5717 | D:7      | Identified a scroll of acquirement
  5866 | D:7      | Reached **** piety under Trog
  5890 | D:7      | Reached skill level 14 in Axes
  6039 | D:8      | Found a staircase to the Lair.
  6258 | D:8      | Killed an unseen horror
  6258 | D:8      | Reached skill level 15 in Axes
  6258 | D:8      | Reached XP level 10. HP: 4/84 MP: 10/10
  6541 | D:8      | Got a vibrating ruby amulet
  6579 | D:8      | Identified the amulet of Loloxim {*Drain rN+++ Regen+ Str+4} (You found it on level 8 of the Dungeon)
  6790 | D:9      | Noticed an orange crystal statue
  6809 | D:9      | Killed an orange crystal statue
  7622 | D:9      | Found Rijynaiz's Weapon Boutique.
  7801 | D:9      | Noticed an ice statue
  8129 | D:10     | Entered Level 10 of the Dungeon
  8144 | D:10     | Reached skill level 16 in Axes
  8245 | D:10     | Reached skill level 5 in Fighting
  8884 | D:10     | Reached XP level 11. HP: 70/97 MP: 11/11
  9301 | D:11     | Noticed a red ugly thing
  9309 | D:11     | Killed a red ugly thing
  9311 | D:11     | HP: 4/145 [komodo dragon (9)]
  9331 | D:11     | Noticed Paps's ghost (journeyman TrFi)
  9386 | D:11     | Noticed a hill giant
  9393 | D:11     | Noticed a hill giant
  9412 | D:11     | HP: 6/145 [hill giant/giant club (15)]
  9414 | D:11     | Killed a hill giant
  9416 | D:11     | Killed a hill giant
  9416 | D:11     | Reached skill level 17 in Axes
  9582 | D:11     | Drowned by a water elemental

Skill      XL: |  1  2  3  4  5  6  7  8  9 10 11 |
---------------+----------------------------------+-----
Axes           | 4 5 7 8 10 12 15 16 17 | 17.1
Fighting       | 3 5 6 |  6.5
Armour         | |  2.1
Dodging        | |  2.1

Action                   |  1- 3 |  4- 6 |  7- 9 | 10-12 || total
-------------------------+-------+-------+-------+-------++-------
Melee: Hand axe          |   109 |    13 |       |       ||   122
       Battleaxe         |       |    71 |   282 |       ||   353
       War axe           |       |       |    95 |   413 ||   508
Invok: Berserk           |     7 |     6 |    18 |    21 ||    52
       Trog's Hand       |       |     1 |     9 |    16 ||    26
Evoke: Wand              |       |       |     2 |       ||     2
  Use: Scroll            |       |     7 |     7 |     6 ||    20
  Eat: Chunk             |     8 |    10 |    30 |    32 ||    80
       Fruit             |       |       |     1 |     2 ||     3
       Pizza             |       |       |       |     2 ||     2
Armor: Chain mail        |    57 |    63 |   154 |       ||   274
       Animal skin       |     3 |       |       |       ||     3
       Leather armour    |     1 |       |       |       ||     1
       Plate armour      |       |       |    46 |   221 ||   267
Dodge: Dodged            |    71 |    57 |   169 |   146 ||   443
